 Dungeon Crawl Stone Soup version 0.21.1-1-g345015f (webtiles) character file.

21 letownia2 the Insei (level 2, 0/22 HPs)
             Began as a Demonspawn Gladiator on July 15, 2018.
             Succumbed to an adder's poison
             ... on level 3 of the Dungeon.
             The game lasted 00:02:22 (512 turns).

letownia2 the Insei (Demonspawn Gladiator)           Turns: 512, Time: 00:02:23

Health: 0/22       AC:  2    Str: 16    XL:     2   Next: 62%
Magic:  2/2        EV: 12    Int:  9    God:
Gold:   39         SH:  0    Dex: 12    Spells: 1/1 levels left

rFire    + . .     SeeInvis +     - Unarmed
rCold    . . .     Gourm    .   (no shield)
rNeg     . . .     Faith    .   a - +0 leather armour
rPois    .         Spirit   .   b - +0 helmet
rElec    .         Reflect  .   (no cloak)
rCorr    .         Harm     .   (no gloves)
MR       .....                  (no boots)
Stlth    +.........             (no amulet)
HPRegen  0.07/turn              (no ring)
MPRegen  0.08/turn              (no ring)

@: lethally poisoned (0 -> -6)
A: see invisible, clumsy 1, deformed body, fire resistance 1, strong 1
a: no special abilities


You were on level 3 of the Dungeon.
You were not hungry.

You visited 1 branch of the dungeon, and saw 4 of its levels.

You collected 39 gold pieces.

Inventory:

Hand Weapons
 n - a +1 dagger of speed
Armour
 a - a +0 leather armour (worn)
 b - a +0 helmet (worn)
 m - a cursed +0 scale mail
Scrolls
 e - a scroll of immolation {unknown}
 f - a scroll of identify {unknown}
 g - a scroll of teleportation {unknown}
 h - a scroll of fear {unknown}
 i - a scroll of remove curse {unknown}
 j - a scroll of random uselessness {unknown}
 l - a scroll of amnesia {unknown}
Comestibles
 d - 6 rations


   Skills:
 - Level 2.0 Fighting
 - Level 1.7 Throwing
 - Level 2.6 Dodging
 + Level 3.6 Unarmed Combat


You had one spell level left.
You didn't know any spells.

Dungeon Overview and Level Annotations

Branches:
Dungeon (4/15)
 Temple: D:4-7

Altars:
Fedhas


Innate Abilities, Weirdness & Mutations

Your flesh is heat resistant. (rF+)
You have supernaturally acute eyesight. (SInv)
You are clumsy. (Dex -2)
Armour fits poorly on your strangely shaped body.
Your muscles are strong. (Str +2)


Message History

The bat hits the fungus but does no damage.
The bat hits the fungus.
The adder bites you but does no damage.
The bat hits the fungus.
The adder bites you.
* * * LOW HITPOINT WARNING * * *
The goblin completely misses the fungus.
You hit the adder but do no damage.
The bat hits the fungus but does no damage.
The bat hits the fungus.
The adder bites you but does no damage.
The bat hits the fungus.
Unknown command.
You hit the adder.
The adder is moderately wounded.
The bat hits the fungus.
The bat hits the fungus but does no damage.
The goblin hits the fungus.
The adder closely misses you.
The bat hits the fungus but does no damage.
Unknown command.
You closely miss the adder.
The adder is moderately wounded.
You die...

#........K.###
#(......g<....
#.............
#......#....#
#.......#.#.#
#.......PPP.#
#.....gPPPP.# # ######
#.....bSP_.P# #.# .....#
#######P@.P.# #####.#
####.# #...PPP.#
#.#...#.#
####.########.......#
##.#...#.#
...†................##
.......#.#
####.#######.........##.#
#...... .....#
#.........##.# #......
.##### #.........##.#
#...... .#
#.÷........#.#.#...... .#
#........#.#.#.###....


You could see an adder, a goblin and a bat.

Vanquished Creatures
  A dart slug (D:3)
  A ball python (D:3)
  A giant cockroach (D:1)
  4 hobgoblins
  2 quokkas (D:3)
  A bat (D:3)
  A frilled lizard (D:2)
  3 goblins
  2 kobolds (D:3)
  A rat (D:3)
  A fungus (D:3)
18 creatures vanquished.

Notes
Turn   | Place    | Note
-------+----------+-------------------------------------------
     0 | D:1      | letownia2 the Demonspawn Gladiator began the quest for the Orb.
     0 | D:1      | Reached XP level 1. HP: 16/16 MP: 1/1
    33 | D:1      | Reached skill level 3 in Unarmed Combat
   189 | D:3      | Gained mutation: Your flesh is heat resistant. (rF+) [demonic ancestry]
   189 | D:3      | Reached XP level 2. HP: 7/22 MP: 2/2
   213 | D:3      | Found a blossoming altar of Fedhas.
   508 | D:3      | Gained mutation: You are clumsy. (Dex -2) [potion of mutation]
   508 | D:3      | Gained mutation: Armour fits poorly on your strangely shaped body. [potion of mutation]
   508 | D:3      | Gained mutation: Your muscles are strong. (Str +2) [potion of mutation]
   508 | D:3      | Gained mutation: You have supernaturally acute eyesight. (SInv) [potion of mutation]
   509 | D:3      | HP: 1/22 [adder (1)]
   512 | D:3      | Succumbed to an adder's poison

Skill      XL: |  1 |
---------------+----+-----
Unarmed Combat | 3 |  3.6
Fighting       | |  2.0
Throwing       | |  1.7
Dodging        | |  2.6

Action                   || total
-------------------------++-------
Melee: Unarmed           ||    91
Throw: Throwing net      ||     3
  Use: Potion            ||     1
 Stab: Sleeping          ||     1
Armor: Leather armour    ||    26
Dodge: Dodged            ||    59
